 Dungeon Sprint DCSS version 0.17-a0-1718-g72dbe4d (webtiles) character file.

1365 Kidiri the Covert (level 8, -25/36 HPs)
             Began as a Spriggan Enchanter on Aug 25, 2015.
             Annihilated by a tentacle (26 damage)
             ... attached to a kraken
             ... in the Dungeon (Sprint II: "The Violet Keep of Menkaure").
             The game lasted 00:03:02 (921 turns).

Kidiri the Covert (Spriggan Enchanter)               Turns: 921, Time: 00:03:02

Health: -25/36     AC:  3    Str:  4    XL:     8   Next: 38%
Magic:  8/23       EV: 29    Int: 17    God:
Gold:   972        SH:  0    Dex: 18    Spells: 5 memorised, 16 levels left

rFire  . . .     SeeInvis +     a - +1 dagger
rCold  . . .     Clarity  .     b - +1 robe
rNeg   . . .     SustAt   .     (shield restricted)
rPois  .         Gourm    .     (helmet restricted)
rElec  .         Spirit   .     (no cloak)
rCorr  .         Warding  .     (gloves unavailable)
rMut   .         NoTele   +     (boots unavailable)
MR     +....                    (no amulet)
Stlth  +++++++...               (no ring)
                                (no ring)

@: lethally poisoned (-25 -> -49), very quick, somewhat resistant to hostile
enchantments, extremely stealthy
A: unfitting armour, see invisible, herbivore 3, speed 3, slow metabolism 2
a: no special abilities


You were in the Dungeon.
You were not hungry.

You visited 1 branch You collected 972 gold pieces.

Inventory:

Hand weapons
 a - a +1 dagger (weapon)
Armour
 b - a +1 robe (worn)
Scrolls
 j - a scroll of blinking
Potions
 e - a potion of curing
 g - a potion of haste
 h - 2 potions of magic
 i - a potion of berserk rage
Comestibles
 d - a bread ration


   Skills:
 + Level 6.8 Short Blades
 * Level 12.6 Dodging
 * Level 13.8 Stealth
 * Level 10.8 Spellcasting
 + Level 3.0 Conjurations
 + Level 8.4 Hexes
 + Level 3.4 Ice Magic


You had 16 spell levels left.
You knew the following spells:

 Your Spells              Type           Power        Failure   Level  Hunger
a - Corona                Hex            #####..      1%          1    None
b - Ensorcelled Hibernat  Hex/Ice        ####..       1%          2    None
c - Confuse               Hex            #####...     1%          3    None
d - Tukima's Dance        Hex            #####...     1%          3    None
e - Dazzling Spray        Conj/Hex       ####....     2%          3    None


Dungeon Overview and Level Annotations

Branches:
Dungeon (1/1)

Altars:

Shops:
D =%!=:(:[[

Annotations:
D Kirke


Innate Abilities, Weirdness & Mutations

You are tiny and cannot use many weapons and most armour.
You have supernaturally acute eyesight.
You are a herbivore.
You cover ground extremely quickly.
You need consume almost no food.


Message History

You are engulfed in poison gas.
You are lethally poisoned!
* * * LOW HITPOINT WARNING * * *
You feel sick.
The tentacle is engulfed in poison gas.
The tentacle looks even sicker.
The tentacle slaps you.
* * * LOW HITPOINT WARNING * * *
The tentacle completely misses you. The tentacle barely misses you.
There is an open gate here.
A great orb of eyes comes into view.
You are engulfed in poison gas.
You are more poisoned.
* * * LOW HITPOINT WARNING * * *
x2 You feel sick.
The tentacle is no longer blind.
Kirke is engulfed in poison gas.
Kirke looks even sicker.
The tentacle is engulfed in poison gas.
The tentacle is poisoned.
The tentacle is engulfed in poison gas.
The tentacle looks even sicker.
The tentacle misses you.
The tentacle is engulfed in poison gas.
The tentacle looks even sicker.
The tentacle slaps you!!
Ouch! That really hurt!
You die...

####+#### ##§§§§...##
.###§§§§§....##
G.'§§§§§8§§...# .
#§§@§§§§..# .z.
#§w@§§..#
###≈≈#*ww#+++##
##≈≈z***......#
.#≈≈≈cX##'##..#
.#≈≈≈w##.#.##.#
.∩.∩..#≈≈≈≈#.###.# ..
..∩.⌠.#≈≈####.#.####.
.∩.∩..#≈##.###'###.##
∩.∩...#≈#...##.##...#


You could see a kraken, Kirke, a yaktaur captain, an obsidian statue, a great
orb of eyes (wandering), a skeletal warrior and 4 tentacles.

Vanquished Creatures
  A siren (D)
  A blink frog (D)
  2 boulder beetles (D)
  2 hippogriffs (D)
  4 brain worms (D)
10 creatures vanquished.

Vanquished Creatures (others)
  22 tentacle segments (D)
22 creatures vanquished.

Grand Total: 32 creatures vanquished

Notes
Turn   | Place    | Note
--------------------------------------------------------------
     0 | D        | Kidiri the Spriggan Enchanter began the quest for the Orb.
     0 | D        | Reached XP level 1. HP: 9/9 MP: 5/5
     1 | D        | Noticed a hippogriff
     1 | D        | Noticed a hippogriff
     4 | D        | Noticed a boulder beetle
     4 | D        | Noticed a boulder beetle
     7 | D        | Noticed a brain worm
     7 | D        | Noticed a brain worm
     7 | D        | Noticed a brain worm
     7 | D        | Noticed a brain worm
    10 | D        | Noticed a siren
    23 | D        | Killed a brain worm
    23 | D        | Reached skill level 6 in Dodging
    23 | D        | Reached skill level 7 in Stealth
    23 | D        | Reached skill level 5 in Spellcasting
    23 | D        | Reached XP level 2. HP: 5/13 MP: 6/9
    23 | D        | Reached XP level 3. HP: 6/16 MP: 6/10
    23 | D        | Reached XP level 4. HP: 7/21 MP: 7/12
    41 | D        | Killed a brain worm
    41 | D        | Reached skill level 9 in Stealth
    41 | D        | Reached skill level 5 in Hexes
    41 | D        | Reached XP level 5. HP: 24/24 MP: 9/14
    60 | D        | Killed a brain worm
    60 | D        | Reached skill level 10 in Stealth
    74 | D        | Killed a brain worm
    74 | D        | Reached XP level 6. HP: 26/28 MP: 13/18
   104 | D        | Learned a level 2 spell: Ensorcelled Hibernation
   108 | D        | Learned a level 3 spell: Confuse
   112 | D        | Learned a level 3 spell: Tukima's Dance
   116 | D        | Learned a level 3 spell: Dazzling Spray
   132 | D        | Killed a hippogriff
   132 | D        | Reached skill level 5 in Short Blades
   132 | D        | Reached skill level 10 in Dodging
   132 | D        | Reached skill level 11 in Stealth
   132 | D        | Reached skill level 1 in Conjurations
   132 | D        | Reached skill level 1 in Ice Magic
   142 | D        | Killed a hippogriff
   142 | D        | Reached skill level 12 in Stealth
   142 | D        | Reached XP level 7. HP: 12/32 MP: 16/20
   371 | D        | Killed a siren
   371 | D        | Reached skill level 10 in Spellcasting
   561 | D        | Killed a boulder beetle
   561 | D        | Reached skill level 13 in Stealth
   561 | D        | Reached XP level 8. HP: 18/36 MP: 9/23
   712 | D        | Killed a boulder beetle
   733 | D        | Noticed an ice statue
   738 | D        | Found Zagaw's Armour Emporium.
   739 | D        | Found Hehaorch's Book Emporium.
   739 | D        | Found Wucw's Antique Weapon Shoppe.
   740 | D        | Noticed a blink frog
   742 | D        | Found Yqan's Book Emporium.
   742 | D        | Found Sofroir's Jewellery Shoppe.
   744 | D        | Killed a blink frog
   745 | D        | Found Huan's Food Emporium.
   745 | D        | Found Deulisk's Jewellery Shoppe.
   745 | D        | Found Ucawn's Antique Armour Shoppe.
   745 | D        | Found Lidgh's Distillery.
   903 | D        | Noticed an obsidian statue
   905 | D        | Noticed a kraken
   906 | D        | Noticed Kirke
   906 | D        | Noticed a skeletal warrior
   906 | D        | Noticed a yaktaur captain
   921 | D        | Noticed a great orb of eyes
   921 | D        | HP: 1/36 [poison (poison gas)]
   921 | D        | Annihilated by a tentacle

Vault maps used:
D:        the_violet_keep_of_menkaure

Action                   |  1- 3 |  4- 6 |  7- 9 || total
-------------------------+-------+-------+-------++-------
Melee: Dagger            |    10 |    52 |    17 ||    79
 Cast: Ensorcelled Hiber |       |     1 |     9 ||    10
       Dazzling Spray    |       |       |     6 ||     6
       Confuse           |       |       |     2 ||     2
       Tukima's Dance    |       |       |     1 ||     1
  Use: Potion            |       |     1 |       ||     1
 Stab: Sleeping          |       |     2 |     4 ||     6
       Invisible         |       |       |     1 ||     1
